[ AOE2 MATCH · #480466752 ]
Team RMKhmer vs Italians
[ REPLAY ANALYSIS · EXTRACTED FROM THE RECORDED GAME ]
Feudal
12:34
Castle
17:20
Imperial
35:33
| APM avg | 14.1 |
| APM peak | 49 |
| eAPM avg | 9.0 |
| Villagers / military | 73 / 30 |
Focus
⚔️ 31.6% · 🌾 68.4%
Ballista Elephant ×21 · Spearman ×5 · Trebuchet (Packed) ×2 · Monk ×2
Feudal
11:50
Castle
23:45
Imperial
42:59
| APM avg | 23.4 |
| APM peak | 69 |
| eAPM avg | 12.4 |
| Villagers / military | 201 / 33 |
Focus
⚔️ 21.9% · 🌾 78.1%
Obuch ×19 · Knight ×8 · Scout Cavalry ×6
Feudal
10:28
Castle
29:28
Imperial
42:36
| APM avg | 37.0 |
| APM peak | 74 |
| eAPM avg | 11.9 |
| Villagers / military | 91 / 79 |
Focus
⚔️ 32.6% · 🌾 67.4%
Archer ×56 · Spearman ×17 · Unknown (2550) ×4 · Mangonel ×3 · Trebuchet (Packed) ×3
Feudal
9:43
Castle
20:52
Imperial
39:12
| APM avg | 39.3 |
| APM peak | 69 |
| eAPM avg | 19.5 |
| Villagers / military | 98 / 83 |
Focus
⚔️ 25.7% · 🌾 74.3%
Knight ×66 · Scout Cavalry ×6 · Spearman ×5 · Trebuchet (Packed) ×4 · Monk ×2
Feudal
10:19
Castle
24:25
Imperial
—
| APM avg | 32.4 |
| APM peak | 65 |
| eAPM avg | 17.2 |
| Villagers / military | 95 / 30 |
Focus
⚔️ 19.3% · 🌾 80.7%
Janissary ×8 · Scorpion ×8 · Scout Cavalry ×7 · Mangonel ×4 · Spearman ×3
Feudal
10:14
Castle
26:37
Imperial
42:03
| APM avg | 17.5 |
| APM peak | 55 |
| eAPM avg | 10.7 |
| Villagers / military | 76 / 101 |
Focus
⚔️ 36.3% · 🌾 63.7%
Skirmisher ×40 · Spearman ×17 · Knight ×17 · Genoese Crossbowman ×13 · Archer ×11 · Battering Ram ×3
Match map
Initial resources + every placement click. Lines = walls · curves = elevation contours. ◆ gold · ⬟ stone · ● berries · ✦ relic · ◌ wall gap
Your base· Open — unwalled flank
muhammedgulerydo's base· Open — unwalled flank
Panellet's base· Open — 6t gap
Gordo Cabron's base· ✓ Closed at 20:52 · 24t walls · 1 gate(s)
Kemalius's base· Open — 1t gap
Joelinton's base· ✓ Closed at 26:37 · 22t walls · 1 gate(s)
Smoothed initial terrain · ◌ = detected wall gap · hover for details
Inputs per minute
— mrbakipinarli - - muhammedgulerydo
Build order — mrbakipinarli
133 actions detected in the replay
| 0:05 | Build | House |
| 0:11 | Build | House |
| 0:15 | Create | Villager (Male) ×4 |
| 1:49 | Create | Villager (Male) |
| 2:07 | Build | Lumber Camp |
| 2:23 | Create | Villager (Male) |
| 2:23 | Create | Villager (Male) |
| 2:54 | Create | Villager (Male) |
| 2:54 | Create | Villager (Male) |
| 3:51 | Build | Mill |
| 3:59 | Create | Villager (Male) ×2 |
| 4:33 | Build | House |
| 4:33 | Build | House |
| 4:59 | Create | Villager (Male) |
| 4:59 | Create | Villager (Male) |
| 5:14 | Create | Villager (Male) |
| 5:48 | Create | Villager (Male) |
| 6:07 | Create | Villager (Male) |
| 6:07 | Create | Villager (Male) |
| 7:02 | Build | Mill |
| 7:04 | Create | Villager (Male) |
| 7:04 | Create | Villager (Male) |
| 7:05 | Create | Villager (Male) |
| 7:05 | Create | Villager (Male) |
| 7:05 | Create | Villager (Male) |
| 7:44 | Create | Villager (Male) |
| 7:44 | Create | Villager (Male) |
| 8:26 | Create | Villager (Male) |
| 9:10 | Build | House |
| 9:11 | Build | House |
| 10:19 | Build | Mill |
| 10:24 | Research | Feudal Age |
| 10:37 | Build | Mining Camp |
| 11:02 | Build | Farm |
| 11:03 | Build | Farm |
| 11:03 | Build | Farm |
| 11:04 | Build | Farm |
| 11:05 | Build | Farm |
| 11:39 | Create | Villager (Male) |
| 11:40 | Create | Villager (Male) |
| 11:40 | Create | Villager (Male) |
| 11:40 | Create | Villager (Male) |
| 12:34 | Age | Feudal Age |
| 13:27 | Create | Villager (Male) |
| 13:27 | Create | Villager (Male) |
| 13:48 | Build | Mining Camp |
| 14:02 | Build | Farm |
| 14:02 | Build | Farm |
| 14:03 | Build | Farm |
| 14:04 | Build | Farm |
| 14:05 | Build | Farm |
| 14:05 | Build | Farm |
| 14:06 | Build | Farm |
| 14:27 | Research | Castle Age |
| 15:54 | Build | Lumber Camp |
| 17:20 | Age | Castle Age |
| 18:23 | Build | Watch Tower |
| 18:30 | Build | Watch Tower |
| 19:11 | Create | Villager (Male) ×5 |
| 19:11 | Create | Villager (Male) ×5 |
| 19:12 | Create | Villager (Male) ×5 |
| 19:49 | Create | Villager (Male) |
| 20:03 | Create | Villager (Male) |
| 20:33 | Build | Watch Tower |
| 20:53 | Create | Villager (Male) |
| 24:44 | Build | Castle |
| 25:13 | Build | Farm |
| 25:13 | Build | Farm |
| 25:13 | Build | Farm |
| 25:14 | Build | Farm |
| 25:14 | Build | Farm |
| 25:14 | Build | Farm |
| 25:16 | Build | Farm |
| 25:31 | Build | Barracks |
| 26:09 | Create | Ballista Elephant |
| 26:33 | Create | Villager (Male) |
| 26:34 | Create | Villager (Male) |
| 27:23 | Create | Ballista Elephant ×5 |
| 27:24 | Create | Ballista Elephant |
| 28:15 | Create | Villager (Male) |
| 28:15 | Create | Villager (Male) |
| 28:15 | Create | Villager (Male) |
| 28:26 | Create | Ballista Elephant |
| 28:52 | Build | Farm |
| 29:11 | Build | Farm |
| 29:13 | Build | Farm |
| 29:56 | Build | Farm |
| 29:57 | Build | Farm |
| 29:59 | Build | Farm |
| 30:00 | Build | Farm |
| 30:02 | Build | Farm |
| 30:47 | Create | Villager (Male) |
| 30:49 | Create | Villager (Male) |
| 31:03 | Build | Farm |
| 31:33 | Build | Lumber Camp |
| 31:47 | Create | Villager (Male) |
| 32:23 | Research | Imperial Age |
| 32:36 | Research | Horse Collar |
| 32:42 | Research | Double-Bit Axe |
| 33:19 | Create | Ballista Elephant |
| 33:21 | Create | Ballista Elephant |
| 33:40 | Research | Loom |
| 34:08 | Build | University |
| 34:19 | Research | Pikeman (upgrade) |
| 34:19 | Create | Spearman ×3 |
| 34:28 | Create | Spearman |
| 34:30 | Create | Spearman |
| 34:41 | Create | Ballista Elephant |
| 34:50 | Build | House |
| 34:51 | Build | House |
| 34:52 | Build | House |
| 35:33 | Age | Imperial Age |
| 36:10 | Build | Farm |
| 36:53 | Create | Ballista Elephant ×3 |
| 37:29 | Create | Ballista Elephant |
| 37:29 | Create | Ballista Elephant |
| 37:46 | Create | Trebuchet (Packed) |
| 37:46 | Create | Trebuchet (Packed) |
| 37:58 | Create | Villager (Male) ×5 |
| 38:00 | Create | Ballista Elephant |
| 38:28 | Create | Ballista Elephant |
| 39:00 | Create | Ballista Elephant |
| 39:00 | Create | Ballista Elephant |
| 40:05 | Create | Ballista Elephant |
| 40:22 | Create | Villager (Male) ×3 |
| 41:13 | Build | Siege Workshop |
| 41:18 | Create | Villager (Male) ×3 |
| 41:57 | Build | Monastery |
| 42:06 | Build | Farm |
| 42:08 | Build | Farm |
| 42:43 | Create | Villager (Male) ×5 |
| 43:19 | Create | Monk |
| 43:19 | Create | Monk |
Build order — muhammedgulerydo
First 150 of 263 actions detected
| 0:04 | Build | House |
| 0:04 | Build | House |
| 0:07 | Create | Villager (Male) ×4 |
| 0:07 | Create | Villager (Male) ×4 |
| 1:33 | Create | Villager (Male) |
| 1:33 | Create | Villager (Male) |
| 1:56 | Build | Lumber Camp |
| 2:08 | Create | Villager (Male) |
| 2:08 | Create | Villager (Male) |
| 2:36 | Create | Villager (Male) |
| 2:58 | Create | Villager (Male) |
| 2:58 | Create | Villager (Male) |
| 3:18 | Create | Villager (Male) |
| 3:18 | Create | Villager (Male) |
| 3:47 | Create | Villager (Male) |
| 3:48 | Create | Villager (Male) |
| 3:57 | Build | Mill |
| 4:05 | Create | Villager (Male) |
| 4:34 | Create | Villager (Male) |
| 4:34 | Create | Villager (Male) |
| 5:07 | Create | Villager (Male) |
| 5:07 | Create | Villager (Male) |
| 5:52 | Create | Villager (Male) |
| 5:52 | Create | Villager (Male) |
| 6:01 | Create | Villager (Male) |
| 6:01 | Create | Villager (Male) |
| 6:15 | Create | Villager (Male) |
| 6:15 | Create | Villager (Male) |
| 6:21 | Build | House |
| 6:43 | Create | Villager (Male) |
| 6:44 | Create | Villager (Male) |
| 7:10 | Create | Villager (Male) |
| 7:11 | Create | Villager (Male) |
| 7:11 | Create | Villager (Male) |
| 7:20 | Create | Villager (Male) |
| 7:20 | Create | Villager (Male) |
| 7:45 | Build | Farm |
| 7:45 | Build | Farm |
| 7:45 | Build | Farm |
| 7:45 | Build | Farm |
| 7:45 | Build | Farm |
| 7:46 | Build | Farm |
| 7:46 | Build | Farm |
| 7:46 | Build | Farm |
| 7:46 | Build | Farm |
| 8:30 | Build | House |
| 8:35 | Create | Villager (Male) |
| 8:40 | Build | Farm |
| 8:40 | Build | Farm |
| 8:40 | Build | Farm |
| 8:41 | Build | Farm |
| 8:52 | Create | Villager (Male) ×5 |
| 8:52 | Create | Villager (Male) |
| 8:52 | Create | Villager (Male) |
| 9:09 | Build | House |
| 9:15 | Research | Loom |
| 9:27 | Build | Farm |
| 9:27 | Build | Farm |
| 9:27 | Build | Farm |
| 9:27 | Build | Farm |
| 9:30 | Research | Feudal Age |
| 10:24 | Build | Mining Camp |
| 11:02 | Build | Farm |
| 11:02 | Build | Farm |
| 11:02 | Build | Farm |
| 11:02 | Build | Farm |
| 11:03 | Build | Farm |
| 11:50 | Age | Feudal Age |
| 11:56 | Create | Villager (Male) ×5 |
| 11:57 | Create | Villager (Male) ×5 |
| 11:57 | Create | Villager (Male) ×5 |
| 11:57 | Create | Villager (Male) |
| 13:02 | Build | Lumber Camp |
| 13:21 | Build | Watch Tower |
| 15:18 | Create | Villager (Male) |
| 15:18 | Create | Villager (Male) ×5 |
| 15:18 | Create | Villager (Male) ×5 |
| 15:18 | Create | Villager (Male) ×5 |
| 15:19 | Create | Villager (Male) |
| 15:46 | Build | Farm |
| 15:46 | Build | Farm |
| 15:46 | Build | Farm |
| 15:47 | Build | Farm |
| 15:47 | Build | Farm |
| 16:13 | Build | Barracks |
| 17:01 | Build | Watch Tower |
| 17:09 | Create | Villager (Male) ×4 |
| 17:09 | Create | Villager (Male) ×4 |
| 17:20 | Build | Stable |
| 17:29 | Build | Farm |
| 17:29 | Build | Farm |
| 17:29 | Build | Farm |
| 17:29 | Build | Farm |
| 17:30 | Build | Farm |
| 17:45 | Build | House |
| 18:00 | Create | Villager (Male) ×2 |
| 18:01 | Create | Villager (Male) ×2 |
| 18:26 | Build | House |
| 18:28 | Build | House |
| 18:30 | Build | House |
| 19:12 | Research | Double-Bit Axe |
| 19:19 | Build | Farm |
| 19:48 | Build | Farm |
| 19:53 | Build | Farm |
| 19:53 | Build | Farm |
| 19:54 | Build | Farm |
| 19:54 | Build | Farm |
| 19:54 | Build | Farm |
| 19:54 | Build | Farm |
| 20:29 | Build | Blacksmith |
| 20:39 | Build | Farm |
| 20:39 | Build | Farm |
| 20:40 | Build | Farm |
| 20:40 | Build | Farm |
| 20:40 | Build | Farm |
| 20:40 | Build | Farm |
| 21:05 | Research | Castle Age |
| 21:16 | Build | Mining Camp |
| 21:21 | Build | House |
| 21:39 | Create | Scout Cavalry |
| 21:39 | Create | Scout Cavalry |
| 21:39 | Create | Scout Cavalry |
| 21:39 | Create | Scout Cavalry |
| 21:40 | Create | Scout Cavalry |
| 21:40 | Create | Scout Cavalry |
| 21:51 | Research | Gold Mining |
| 22:40 | Research | Bloodlines |
| 22:43 | Research | Scale Barding Armor |
| 23:08 | Build | Farm |
| 23:08 | Build | Farm |
| 23:08 | Build | Farm |
| 23:09 | Build | Farm |
| 23:09 | Build | Farm |
| 23:09 | Build | Farm |
| 23:09 | Build | Farm |
| 23:10 | Build | Farm |
| 23:10 | Build | Farm |
| 23:10 | Build | Farm |
| 23:45 | Age | Castle Age |
| 23:48 | Build | Castle |
| 23:54 | Create | Villager (Male) ×5 |
| 23:54 | Create | Villager (Male) |
| 24:08 | Create | Knight |
| 24:09 | Create | Knight |
| 24:46 | Build | Town Center |
| 24:49 | Research | Bow Saw |
| 24:59 | Research | Horse Collar |
| 25:04 | Create | Villager (Male) |
| 25:15 | Create | Knight |
| 25:29 | Create | Knight |
Build order — Panellet
First 150 of 242 actions detected
| 0:01 | Create | Villager (Male) |
| 0:01 | Create | Villager (Male) |
| 0:02 | Create | Villager (Male) |
| 0:02 | Create | Villager (Male) |
| 0:03 | Build | House |
| 0:06 | Build | House |
| 1:11 | Create | Villager (Male) |
| 1:36 | Create | Villager (Male) |
| 1:36 | Create | Villager (Male) |
| 1:56 | Build | Settlement |
| 2:06 | Create | Villager (Male) |
| 2:06 | Create | Villager (Male) |
| 2:46 | Create | Villager (Male) |
| 3:18 | Create | Villager (Male) |
| 3:18 | Create | Villager (Male) |
| 4:26 | Create | Villager (Male) |
| 4:26 | Create | Villager (Male) |
| 4:27 | Create | Villager (Male) |
| 4:27 | Create | Villager (Male) |
| 5:29 | Create | Villager (Male) |
| 6:00 | Create | Villager (Male) |
| 6:00 | Create | Villager (Male) |
| 6:31 | Build | House |
| 6:41 | Build | Settlement |
| 6:48 | Research | Loom |
| 6:50 | Create | Villager (Male) |
| 7:32 | Create | Villager (Male) |
| 7:32 | Create | Villager (Male) |
| 8:11 | Create | Villager (Male) |
| 8:18 | Research | Feudal Age |
| 8:35 | Build | Barracks |
| 8:38 | Create | Villager (Male) |
| 8:38 | Create | Villager (Male) |
| 8:51 | Build | House |
| 8:55 | Build | Palisade Gate |
| 10:12 | Create | Unit 2550 |
| 10:12 | Create | Unit 2550 |
| 10:14 | Create | Unit 2550 |
| 10:28 | Age | Feudal Age |
| 10:30 | Build | Archery Range |
| 10:37 | Research | Tech 1402 |
| 11:11 | Create | Unit 2550 |
| 11:13 | Create | Archer |
| 11:20 | Create | Villager (Male) |
| 11:20 | Create | Villager (Male) |
| 11:20 | Create | Villager (Male) |
| 11:29 | Create | Archer |
| 11:35 | Build | Farm |
| 12:00 | Build | House |
| 12:02 | Build | House |
| 12:51 | Create | Villager (Male) |
| 12:51 | Create | Villager (Male) |
| 13:19 | Create | Archer |
| 13:19 | Create | Archer |
| 13:19 | Create | Archer |
| 13:20 | Create | Archer |
| 14:29 | Create | Spearman |
| 14:29 | Create | Spearman |
| 15:52 | Create | Villager (Male) |
| 15:52 | Create | Villager (Male) |
| 15:52 | Create | Villager (Male) |
| 15:59 | Build | Farm |
| 16:00 | Build | Farm |
| 16:08 | Create | Spearman |
| 16:08 | Create | Spearman |
| 16:22 | Build | House |
| 16:25 | Build | Palisade Wall |
| 16:38 | Create | Archer |
| 16:38 | Create | Archer |
| 16:38 | Create | Archer |
| 16:39 | Create | Archer |
| 16:56 | Research | Double-Bit Axe |
| 16:57 | Research | Horse Collar |
| 17:00 | Build | Farm |
| 17:30 | Create | Archer |
| 17:30 | Create | Archer |
| 17:37 | Build | Archery Range |
| 17:43 | Create | Villager (Male) |
| 17:44 | Create | Villager (Male) |
| 17:48 | Build | Farm |
| 18:02 | Build | Palisade Wall |
| 18:08 | Build | House |
| 18:12 | Create | Villager (Male) |
| 18:48 | Create | Archer |
| 18:48 | Create | Archer |
| 18:48 | Create | Archer |
| 19:15 | Build | Farm |
| 19:27 | Create | Villager (Male) |
| 19:28 | Create | Villager (Male) |
| 19:38 | Build | Farm |
| 19:41 | Build | Farm |
| 19:52 | Create | Archer |
| 19:52 | Create | Archer |
| 19:53 | Create | Archer |
| 19:55 | Create | Archer |
| 20:24 | Create | Archer |
| 20:24 | Create | Archer |
| 20:24 | Create | Archer |
| 20:26 | Create | Villager (Male) |
| 20:26 | Create | Villager (Male) |
| 20:35 | Build | Palisade Wall |
| 20:58 | Build | Blacksmith |
| 21:00 | Create | Villager (Male) |
| 21:25 | Build | House |
| 21:29 | Build | House |
| 21:46 | Research | Fletching |
| 22:22 | Create | Villager (Male) |
| 22:22 | Create | Villager (Male) |
| 22:23 | Create | Villager (Male) |
| 22:23 | Create | Villager (Male) |
| 22:46 | Create | Villager (Male) |
| 22:46 | Create | Villager (Male) |
| 23:14 | Create | Villager (Male) |
| 23:44 | Create | Villager (Male) |
| 23:45 | Create | Villager (Male) |
| 23:45 | Create | Villager (Male) |
| 23:55 | Create | Archer |
| 23:55 | Create | Archer |
| 23:55 | Create | Archer |
| 23:55 | Create | Archer |
| 23:56 | Create | Archer |
| 23:56 | Create | Archer |
| 23:56 | Create | Archer |
| 23:57 | Create | Archer |
| 23:57 | Create | Archer |
| 24:00 | Build | Archery Range |
| 24:02 | Build | Archery Range |
| 24:21 | Create | Archer |
| 24:21 | Create | Archer |
| 24:21 | Create | Archer |
| 25:18 | Build | House |
| 25:20 | Build | House |
| 25:21 | Build | House |
| 25:22 | Create | Villager (Male) |
| 25:23 | Create | Villager (Male) |
| 25:31 | Create | Archer |
| 25:31 | Create | Archer |
| 25:31 | Create | Archer |
| 25:32 | Create | Archer |
| 25:32 | Create | Archer |
| 25:45 | Build | Market |
| 25:46 | Create | Villager (Male) |
| 25:51 | Create | Archer |
| 25:52 | Create | Archer |
| 25:52 | Create | Archer |
| 26:16 | Create | Archer |
| 26:16 | Create | Archer |
| 26:32 | Research | Castle Age |
| 26:44 | Create | Spearman |
| 26:44 | Create | Spearman |
Build order — Gordo Cabron
First 150 of 302 actions detected
| 0:00 | Create | Villager (Male) |
| 0:01 | Create | Villager (Male) |
| 0:01 | Create | Villager (Male) |
| 0:02 | Create | Villager (Male) |
| 0:02 | Create | Villager (Male) |
| 0:03 | Create | Villager (Male) |
| 0:06 | Build | House |
| 0:10 | Build | House |
| 1:28 | Create | Villager (Male) |
| 2:09 | Create | Villager (Male) |
| 2:16 | Build | Lumber Camp |
| 2:17 | Create | Villager (Male) |
| 2:45 | Build | House |
| 2:46 | Build | House |
| 2:58 | Create | Villager (Male) |
| 3:11 | Create | Villager (Male) |
| 3:54 | Create | Villager (Male) |
| 4:00 | Create | Villager (Male) |
| 4:56 | Create | Villager (Male) |
| 5:35 | Create | Villager (Male) |
| 5:36 | Create | Villager (Male) |
| 5:44 | Create | Villager (Male) |
| 5:45 | Create | Villager (Male) |
| 5:57 | Build | Mill |
| 6:10 | Research | Loom |
| 7:23 | Research | Feudal Age |
| 8:44 | Build | Barracks |
| 9:30 | Build | House |
| 9:34 | Build | House |
| 9:43 | Age | Feudal Age |
| 9:53 | Build | Stable |
| 9:55 | Create | Villager (Male) |
| 10:01 | Create | Villager (Male) |
| 10:19 | Build | House |
| 10:20 | Build | House |
| 10:24 | Create | Spearman |
| 10:27 | Create | Villager (Male) |
| 10:37 | Create | Scout Cavalry |
| 10:37 | Create | Scout Cavalry |
| 10:48 | Create | Scout Cavalry |
| 10:57 | Create | Villager (Male) |
| 10:58 | Create | Villager (Male) |
| 11:36 | Create | Scout Cavalry |
| 11:37 | Create | Villager (Male) |
| 11:45 | Build | Market |
| 11:48 | Create | Villager (Male) |
| 12:32 | Create | Scout Cavalry |
| 12:49 | Create | Villager (Male) |
| 12:53 | Build | Lumber Camp |
| 12:57 | Build | Farm |
| 12:58 | Build | Farm |
| 12:58 | Build | Farm |
| 12:59 | Build | Farm |
| 12:59 | Create | Villager (Male) |
| 13:03 | Build | Farm |
| 13:03 | Build | Farm |
| 13:03 | Build | Farm |
| 13:04 | Build | Farm |
| 13:04 | Create | Villager (Male) |
| 14:02 | Create | Villager (Male) |
| 14:21 | Create | Villager (Male) |
| 14:28 | Build | Farm |
| 14:29 | Build | Farm |
| 14:29 | Build | Farm |
| 14:30 | Create | Villager (Male) |
| 14:55 | Create | Villager (Male) |
| 15:06 | Create | Villager (Male) |
| 15:12 | Build | Farm |
| 15:16 | Build | Farm |
| 15:16 | Build | Farm |
| 15:19 | Create | Villager (Male) |
| 16:02 | Create | Villager (Male) |
| 16:08 | Build | Mining Camp |
| 16:43 | Build | Blacksmith |
| 16:49 | Build | Palisade Wall |
| 16:52 | Create | Villager (Male) |
| 17:00 | Build | Palisade Wall |
| 17:03 | Build | Palisade Wall |
| 17:04 | Create | Villager (Male) |
| 17:14 | Build | Palisade Gate |
| 17:19 | Build | House |
| 17:43 | Build | Farm |
| 17:43 | Build | Farm |
| 17:44 | Build | Farm |
| 17:44 | Build | Farm |
| 18:12 | Research | Castle Age |
| 18:19 | Build | House |
| 18:20 | Build | House |
| 18:28 | Build | Stable |
| 18:32 | Build | House |
| 19:06 | Build | Farm |
| 19:30 | Create | Spearman |
| 19:30 | Create | Spearman |
| 19:53 | Research | Bloodlines |
| 19:53 | Research | Bloodlines |
| 19:55 | Create | Spearman |
| 19:56 | Create | Spearman |
| 20:00 | Research | Scale Barding Armor |
| 20:38 | Research | Double-Bit Axe |
| 20:44 | Build | House |
| 20:52 | Age | Castle Age |
| 20:59 | Create | Scout Cavalry |
| 20:59 | Create | Knight |
| 21:00 | Create | Knight |
| 21:00 | Create | Knight |
| 21:08 | Build | Monastery |
| 21:33 | Create | Knight |
| 21:34 | Create | Knight |
| 21:35 | Create | Villager (Male) |
| 21:36 | Create | Villager (Male) |
| 21:48 | Build | Town Center |
| 22:12 | Create | Knight |
| 22:12 | Create | Knight |
| 22:17 | Build | Farm |
| 22:45 | Build | Farm |
| 22:50 | Create | Monk |
| 22:55 | Create | Knight |
| 22:55 | Create | Knight |
| 22:55 | Create | Knight |
| 22:57 | Create | Villager (Male) |
| 22:57 | Create | Villager (Male) |
| 23:00 | Build | Farm |
| 23:15 | Create | Knight |
| 23:15 | Create | Knight |
| 23:17 | Create | Villager (Male) |
| 23:17 | Create | Villager (Male) |
| 23:43 | Create | Knight |
| 23:43 | Create | Knight |
| 23:44 | Create | Knight |
| 23:44 | Create | Villager (Male) |
| 23:45 | Create | Villager (Male) |
| 23:49 | Build | Farm |
| 24:06 | Create | Monk |
| 24:23 | Create | Villager (Male) |
| 24:23 | Create | Villager (Male) |
| 24:28 | Build | House |
| 24:53 | Create | Knight |
| 24:53 | Create | Knight |
| 24:54 | Create | Knight |
| 24:55 | Create | Villager (Male) |
| 24:55 | Create | Villager (Male) |
| 25:27 | Create | Villager (Male) |
| 25:27 | Create | Villager (Male) |
| 25:28 | Create | Villager (Male) |
| 25:34 | Build | Town Center |
| 25:37 | Create | Villager (Male) |
| 25:57 | Research | Husbandry |
| 26:03 | Build | Farm |
| 26:15 | Create | Knight |
| 26:23 | Build | Farm |
Build order — Kemalius
First 150 of 228 actions detected
| 0:01 | Create | Villager (Male) |
| 0:02 | Create | Villager (Male) |
| 0:02 | Create | Villager (Male) |
| 0:03 | Build | House |
| 0:05 | Build | House |
| 0:14 | Create | Villager (Male) |
| 0:14 | Create | Villager (Male) |
| 1:41 | Create | Villager (Male) |
| 2:01 | Build | Lumber Camp |
| 2:05 | Create | Villager (Male) |
| 2:25 | Create | Villager (Male) |
| 2:57 | Create | Villager (Male) |
| 3:08 | Create | Villager (Male) |
| 3:44 | Create | Villager (Male) |
| 3:44 | Create | Villager (Male) |
| 3:52 | Build | House |
| 4:38 | Create | Villager (Male) |
| 4:38 | Create | Villager (Male) |
| 4:39 | Create | Villager (Male) |
| 4:39 | Create | Villager (Male) |
| 5:03 | Create | Villager (Male) |
| 5:54 | Create | Villager (Male) |
| 5:54 | Create | Villager (Male) |
| 6:51 | Create | Villager (Male) |
| 6:51 | Create | Villager (Male) |
| 6:52 | Create | Villager (Male) |
| 6:53 | Create | Villager (Male) |
| 6:53 | Create | Villager (Male) |
| 6:54 | Create | Villager (Male) |
| 7:07 | Research | Loom |
| 7:27 | Build | Barracks |
| 7:44 | Create | Villager (Male) |
| 7:55 | Build | Mill |
| 8:09 | Research | Feudal Age |
| 8:57 | Build | Palisade Gate |
| 9:09 | Build | Palisade Wall |
| 9:25 | Build | Palisade Wall |
| 9:31 | Build | Palisade Wall |
| 9:46 | Build | House |
| 9:49 | Build | House |
| 9:56 | Build | House |
| 10:08 | Create | Villager (Male) |
| 10:19 | Age | Feudal Age |
| 10:21 | Build | Stable |
| 10:23 | Create | Villager (Male) |
| 11:02 | Build | Blacksmith |
| 11:05 | Create | Villager (Male) |
| 11:07 | Build | Farm |
| 11:07 | Build | Farm |
| 11:22 | Create | Villager (Male) |
| 11:27 | Create | Scout Cavalry |
| 11:27 | Create | Scout Cavalry |
| 11:27 | Create | Scout Cavalry |
| 11:33 | Create | Scout Cavalry |
| 11:33 | Create | Scout Cavalry |
| 12:18 | Build | Farm |
| 12:19 | Build | Farm |
| 12:19 | Build | Farm |
| 12:19 | Build | Farm |
| 12:24 | Create | Villager (Male) |
| 12:33 | Build | Farm |
| 13:03 | Build | House |
| 13:08 | Create | Villager (Male) |
| 13:16 | Create | Scout Cavalry |
| 13:16 | Create | Scout Cavalry |
| 13:42 | Create | Villager (Male) |
| 13:42 | Create | Villager (Male) |
| 13:45 | Build | Farm |
| 14:27 | Research | Forging |
| 14:42 | Build | Palisade Wall |
| 15:05 | Build | Farm |
| 15:07 | Build | Farm |
| 15:08 | Build | Farm |
| 15:14 | Build | House |
| 15:17 | Create | Villager (Male) |
| 15:18 | Create | Villager (Male) |
| 15:21 | Create | Villager (Male) |
| 15:54 | Create | Spearman |
| 15:55 | Create | Spearman |
| 16:30 | Build | Farm |
| 16:30 | Create | Villager (Male) |
| 16:48 | Create | Villager (Male) |
| 16:58 | Build | Gate |
| 17:08 | Create | Spearman |
| 17:30 | Create | Villager (Male) |
| 17:38 | Build | House |
| 17:40 | Build | House |
| 17:43 | Create | Villager (Male) |
| 17:48 | Build | Farm |
| 17:48 | Build | Farm |
| 17:49 | Build | Farm |
| 17:49 | Build | Farm |
| 17:59 | Create | Villager (Male) |
| 18:04 | Build | Mining Camp |
| 18:16 | Create | Villager (Male) |
| 18:40 | Build | Farm |
| 18:51 | Create | Villager (Male) |
| 18:53 | Research | Horse Collar |
| 18:57 | Build | Farm |
| 18:58 | Build | Farm |
| 18:58 | Build | Farm |
| 18:59 | Build | Farm |
| 19:15 | Build | House |
| 19:17 | Build | House |
| 19:38 | Build | Farm |
| 19:41 | Build | Farm |
| 19:43 | Create | Villager (Male) |
| 20:18 | Create | Villager (Male) |
| 20:23 | Build | Market |
| 20:41 | Build | Palisade Wall |
| 20:44 | Create | Villager (Male) |
| 21:31 | Create | Villager (Male) |
| 21:45 | Research | Castle Age |
| 22:05 | Build | Farm |
| 22:05 | Build | Farm |
| 22:30 | Build | Watch Tower |
| 22:35 | Build | Farm |
| 22:38 | Build | Farm |
| 22:52 | Create | Villager (Male) |
| 23:02 | Build | House |
| 23:20 | Build | House |
| 24:09 | Build | Mining Camp |
| 24:25 | Age | Castle Age |
| 25:37 | Build | Castle |
| 25:44 | Create | Villager (Male) |
| 25:45 | Create | Villager (Male) |
| 27:18 | Create | Villager (Male) |
| 27:33 | Create | Villager (Male) |
| 27:34 | Create | Villager (Male) |
| 27:56 | Create | Villager (Male) |
| 27:57 | Create | Villager (Male) |
| 28:21 | Build | Town Center |
| 28:30 | Create | Janissary |
| 28:30 | Create | Janissary |
| 28:44 | Research | Double-Bit Axe |
| 29:15 | Build | Siege Workshop |
| 29:18 | Create | Villager (Male) |
| 29:43 | Create | Mangonel |
| 29:57 | Create | Villager (Male) |
| 29:59 | Create | Villager (Male) |
| 30:03 | Create | Janissary |
| 30:12 | Create | Scorpion |
| 30:29 | Create | Villager (Male) |
| 30:29 | Create | Villager (Male) |
| 30:34 | Create | Villager (Male) |
| 30:34 | Create | Villager (Male) |
| 30:48 | Build | Mining Camp |
| 31:27 | Create | Mangonel |
| 31:42 | Create | Villager (Male) |
| 31:47 | Build | Mining Camp |
Build order — Joelinton
First 150 of 281 actions detected
| 0:03 | Build | House |
| 0:06 | Create | Villager (Male) |
| 0:06 | Create | Villager (Male) |
| 0:07 | Create | Villager (Male) |
| 0:07 | Create | Villager (Male) |
| 0:08 | Build | House |
| 1:31 | Create | Villager (Male) |
| 1:32 | Create | Villager (Male) |
| 1:52 | Build | Lumber Camp |
| 2:10 | Create | Villager (Male) |
| 2:11 | Create | Villager (Male) |
| 2:31 | Create | Villager (Male) |
| 2:54 | Create | Villager (Male) |
| 3:11 | Create | Villager (Male) |
| 3:45 | Create | Villager (Male) |
| 4:03 | Build | House |
| 4:06 | Create | Villager (Male) |
| 4:23 | Build | Mill |
| 4:32 | Create | Villager (Male) |
| 4:32 | Create | Villager (Male) |
| 4:32 | Create | Villager (Male) |
| 4:56 | Create | Villager (Male) |
| 4:56 | Create | Villager (Male) |
| 4:56 | Create | Villager (Male) |
| 5:34 | Create | Villager (Male) |
| 5:35 | Create | Villager (Male) |
| 5:57 | Create | Villager (Male) |
| 6:03 | Build | House |
| 6:20 | Create | Villager (Male) |
| 6:22 | Research | Loom |
| 6:45 | Create | Villager (Male) |
| 6:57 | Build | Mining Camp |
| 7:12 | Create | Villager (Male) |
| 7:40 | Research | Feudal Age |
| 7:48 | Build | Barracks |
| 7:51 | Build | House |
| 8:03 | Build | Palisade Wall |
| 8:38 | Create | Villager (Male) |
| 8:38 | Create | Villager (Male) |
| 8:38 | Create | Villager (Male) |
| 9:51 | Create | Villager (Male) |
| 10:14 | Age | Feudal Age |
| 10:20 | Build | Archery Range |
| 10:28 | Create | Villager (Male) |
| 10:40 | Build | Farm |
| 10:42 | Build | Farm |
| 10:47 | Research | Double-Bit Axe |
| 11:04 | Create | Villager (Male) |
| 11:30 | Build | House |
| 11:32 | Build | House |
| 11:34 | Build | House |
| 11:37 | Create | Archer |
| 11:37 | Create | Archer |
| 11:38 | Create | Archer |
| 11:38 | Create | Archer |
| 11:38 | Create | Archer |
| 11:42 | Create | Spearman |
| 11:43 | Create | Spearman |
| 11:43 | Create | Spearman |
| 12:18 | Create | Villager (Male) |
| 12:22 | Create | Archer |
| 12:30 | Build | Lumber Camp |
| 13:01 | Build | Blacksmith |
| 13:11 | Build | Farm |
| 13:13 | Build | Farm |
| 13:25 | Build | Farm |
| 13:26 | Build | Farm |
| 13:31 | Create | Villager (Male) |
| 13:31 | Create | Villager (Male) |
| 13:34 | Create | Archer |
| 13:50 | Build | Farm |
| 13:52 | Build | Farm |
| 13:55 | Create | Villager (Male) |
| 14:01 | Build | House |
| 14:20 | Create | Archer |
| 14:30 | Research | Fletching |
| 14:49 | Build | Farm |
| 14:49 | Create | Villager (Male) |
| 14:50 | Create | Villager (Male) |
| 14:50 | Create | Villager (Male) |
| 14:50 | Create | Villager (Male) |
| 15:30 | Create | Villager (Male) |
| 15:31 | Create | Villager (Male) |
| 15:41 | Create | Archer |
| 15:41 | Create | Archer |
| 15:41 | Create | Archer |
| 16:01 | Create | Villager (Male) |
| 16:12 | Build | Mining Camp |
| 16:18 | Build | Market |
| 16:26 | Create | Spearman |
| 16:27 | Create | Spearman |
| 16:54 | Build | Archery Range |
| 17:33 | Create | Villager (Male) |
| 18:08 | Create | Villager (Male) |
| 18:22 | Build | Farm |
| 18:23 | Build | Farm |
| 18:30 | Research | Horse Collar |
| 18:52 | Create | Villager (Male) |
| 18:53 | Create | Villager (Male) |
| 19:49 | Create | Villager (Male) |
| 19:49 | Create | Villager (Male) |
| 20:00 | Build | House |
| 20:03 | Build | House |
| 20:04 | Build | House |
| 20:06 | Create | Villager (Male) |
| 20:19 | Build | Farm |
| 20:21 | Build | Farm |
| 20:30 | Build | Barracks |
| 20:43 | Build | Stone Wall |
| 20:52 | Build | House |
| 20:57 | Build | Farm |
| 21:01 | Build | Farm |
| 21:04 | Create | Villager (Male) |
| 21:04 | Create | Villager (Male) |
| 21:20 | Create | Spearman |
| 21:20 | Create | Spearman |
| 21:21 | Create | Spearman |
| 21:21 | Create | Spearman |
| 21:21 | Create | Spearman |
| 21:21 | Create | Spearman |
| 21:22 | Create | Spearman |
| 21:59 | Create | Spearman |
| 22:44 | Build | Gate |
| 23:04 | Build | Mining Camp |
| 23:27 | Build | Farm |
| 23:34 | Build | Farm |
| 23:37 | Build | Farm |
| 23:43 | Build | Farm |
| 23:57 | Research | Castle Age |
| 24:11 | Create | Spearman |
| 24:11 | Create | Spearman |
| 24:11 | Create | Spearman |
| 24:12 | Create | Spearman |
| 25:30 | Create | Skirmisher |
| 25:30 | Create | Skirmisher |
| 25:30 | Create | Skirmisher |
| 25:31 | Create | Skirmisher |
| 25:31 | Create | Skirmisher |
| 25:31 | Create | Skirmisher |
| 25:31 | Create | Skirmisher |
| 25:44 | Build | Farm |
| 26:03 | Create | Villager (Male) |
| 26:03 | Create | Villager (Male) |
| 26:03 | Create | Villager (Male) |
| 26:09 | Build | House |
| 26:11 | Build | House |
| 26:37 | Age | Castle Age |
| 26:42 | Build | Castle |
| 27:02 | Create | Villager (Male) |
| 27:02 | Create | Villager (Male) |
Match timeline
| 7:27 | Kemalius · first_building Barracks |
| 7:48 | Joelinton · first_building Barracks |
| 8:03 | Joelinton · wall_segment Palisade Wall x4 |
| 8:35 | Panellet · first_building Barracks |
| 8:44 | Gordo Cabron · first_building Barracks |
| 9:09 | Kemalius · wall_segment Palisade Wall x6 |
| 9:25 | Kemalius · wall_segment Palisade Wall x1 |
| 9:31 | Kemalius · wall_segment Palisade Wall x6 |
| 9:43 | Gordo Cabron · age_up feudal |
| 9:53 | Gordo Cabron · first_building Stable |
| 10:14 | Joelinton · age_up feudal |
| 10:19 | Kemalius · age_up feudal |
| 10:20 | Joelinton · first_building Archery Range |
| 10:21 | Kemalius · first_building Stable |
| 10:28 | Panellet · age_up feudal |
| 10:30 | Panellet · first_building Archery Range |
| 11:50 | muhammedgulerydo · age_up feudal |
| 12:34 | mrbakipinarli · age_up feudal |
| 14:42 | Kemalius · wall_segment Palisade Wall x1 |
| 16:13 | muhammedgulerydo · first_building Barracks |
| 16:25 | Panellet · wall_segment Palisade Wall x9 |
| 16:49 | Gordo Cabron · wall_segment Palisade Wall x10 |
| 17:00 | Gordo Cabron · wall_segment Palisade Wall x9 |
| 17:03 | Gordo Cabron · wall_segment Palisade Wall x5 |
| 17:20 | mrbakipinarli · age_up castle |
| 17:20 | muhammedgulerydo · first_building Stable |
| 17:52 | Gordo Cabron · first_market_sell 100 wood |
| 17:53 | Gordo Cabron · first_market_buy 100 food |
| 18:02 | Panellet · wall_segment Palisade Wall x6 |
| 20:10 | Joelinton · first_market_buy 100 food |
| 20:35 | Panellet · wall_segment Palisade Wall x14 |
| 20:41 | Kemalius · wall_segment Palisade Wall x10 |
| 20:43 | Joelinton · wall_segment Stone Wall x18 |
| 20:52 | Gordo Cabron · age_up castle |
| 21:08 | Gordo Cabron · first_building Monastery |
| 21:41 | Kemalius · first_market_buy 100 food |
| 23:45 | muhammedgulerydo · age_up castle |
| 23:48 | muhammedgulerydo · first_building Castle |
| 23:52 | Joelinton · first_market_sell 100 wood |
| 24:25 | Kemalius · age_up castle |
| 24:31 | Kemalius · first_market_sell 500 food |
| 24:44 | mrbakipinarli · first_building Castle |
| 25:31 | mrbakipinarli · first_building Barracks |
| 25:37 | Kemalius · first_building Castle |
| 26:19 | Panellet · first_market_buy 100 food |
| 26:25 | Panellet · first_market_sell 100 wood |
| 26:37 | Joelinton · age_up castle |
| 26:42 | Joelinton · first_building Castle |
| 29:15 | Kemalius · first_building Siege Workshop |
| 29:28 | Panellet · age_up castle |
| 29:47 | Panellet · first_building Siege Workshop |
| 30:01 | Joelinton · first_building Siege Workshop |
| 30:25 | Joelinton · first_building Stable |
| 35:33 | mrbakipinarli · age_up imperial |
| 35:53 | Gordo Cabron · first_building Castle |
| 37:56 | Panellet · first_building Castle |
| 39:12 | Gordo Cabron · age_up imperial |
| 41:13 | mrbakipinarli · first_building Siege Workshop |
| 41:57 | mrbakipinarli · first_building Monastery |
| 42:03 | Joelinton · age_up imperial |
| 42:36 | Panellet · age_up imperial |
| 42:59 | muhammedgulerydo · age_up imperial |
| 43:34 | Kemalius · resign |
[ AI ANALYSIS · 1 CREDIT ]
What really happened in this match?
Wolo.gg analyzes every decision: build order, eco, micro, common mistakes by bracket. Personalized analysis on WhatsApp or Discord in 30 seconds.
Civ guide
Khmer
Map guide
Arabia
Perfil
mrbakipinarli